 Dungeon Crawl Stone Soup version 0.29-a0-1023-g6ae1a4a2c7 (webtiles) character file.

Game seed: 6670912418744022528

4371 spiderkeys the Summoner (level 10, 0/56 HPs)
             Began as an Octopode Summoner on Aug 11, 2022.
             Was a Follower of Cheibriados.
             Slain by an orc warrior
             ... wielding a +0 scimitar
              (22 damage)
             ... on level 9 of the Dungeon.
             The game lasted 00:31:42 (11979 turns).

spiderkeys the Summoner (Octopode Summoner)        Turns: 11979, Time: 00:31:43

Health: 0/56       AC:  1    Str: 10    XL:     10   Next: 34%
Magic:  16/19      EV: 17    Int: 26    God:    Cheibriados [*.....]
Gold:   653        SH:  0    Dex: 15    Spells: 3/21 levels left

rFire   . . .      SeeInvis .   E - +7 trident (flame)
rCold   . . .      Faith    .   (no shield)
rNeg    . . .      Spirit   .   (helmet restricted)
rPois   +          Reflect  .   m - amulet of magic regeneration
rElec   .          Harm     .   P - ring of poison resistance
rCorr   .          Rampage  .   Z - ring of wizardry
Will    .....                   (no ring)
Stlth   ++++......              (no ring)
HPRegen 0.18/turn               (no ring)
MPRegen 0.56/turn               (no ring)
                                (no ring)
                                (no ring)

@: very slow
A: almost no armour, amphibious, 8 rings, camouflage 1, gelatinous body 1,
(nimble swimmer 1), tentacles
a: Renounce Religion, Bend Time


You were on level 9 of the Dungeon.
You worshipped Cheibriados.
Cheibriados was aware of your devotion.
You visited 2 branches of the dungeon, and saw 10 of its levels.
You also visited: Sewer.

You collected 1602 gold pieces.
You spent 949 gold pieces at shops.


Innate Abilities, Weirdness & Mutations

You cannot wear most types of armour.
You are amphibious.
You can wear up to eight rings at the same time.
Your skin changes colour to match your surroundings (Stealth+).
Your rubbery body absorbs attacks. (AC +1, EV +1)
((You are camouflaged when in or above water. (Stealth+)))
You have tentacles for arms and can constrict up to eight enemies at once.


   Skills:
 + Level 9.0 Dodging
 - Level 5.0 Stealth
 + Level 6.2 Spellcasting
 - Level 2.0 Hexes
 + Level 9.5 Summonings
 + Level 1.3 Translocations
 - Level 3.0 Air Magic


You had 3 spell levels left.
You knew the following spells:

 Your Spells              Type           Power      Damage    Failure   Level
c - Call Imp              Summ           55%        N/A       1%          2
f - Call Canine Familiar  Summ           55%        N/A       1%          3
g - Summon Guardian Gole  Hex/Summ       38%        N/A       1%          3
l - Summon Lightning Spi  Summ/Air       40%        N/A       1%          4
s - Summon Small Mammal   Summ           100%       N/A       1%          1
S - Summon Forest         Summ/Tloc      18%        N/A       9%          5

Your spell library contained the following spells:

 Spells                   Type           Power      Damage    Failure   Level
 Slow                     Hex            72%        N/A       1%          1
 Static Discharge         Conj/Air       15%        3-5/arc   2%          2
 Confusing Touch          Hex            18%        N/A       3%          3
 Tukima's Dance           Hex            18%        N/A       3%          3
 Gell's Gravitas          Tloc           15%        N/A       4%          3
 Lesser Beckoning         Tloc           15%        N/A       4%          3
 Portal Projectile        Hex/Tloc       32%        N/A       4%          3
 Teleport Other           Tloc           15%        N/A       4%          3
 Conjure Flame            Conj/Fire      8%         6-21      9%          3
 Ignite Poison            Fire/Tmut/Pois 8%         N/A       9%          3
 Stone Arrow              Conj/Erth      16%        3d8       9%          3
 Vampiric Draining        Necr           8%         2d6       9%          3
 Summon Mana Viper        Hex/Summ       38%        N/A       7%          5
 Summon Cactus Giant      Summ           27%        N/A       9%          6
 Dispel Undead            Necr           8%         3d8       26%         4
 Sticky Flame             Conj/Fire      8%         2d3       26%         4
 Blade Hands              Tmut           4%         N/A       56%         5
 Irradiate                Conj/Tmut      4%         3d13      56%         5
 Dragon Form              Tmut           4%         N/A       100%        7
 Lehudib's Crystal Spear  Conj/Erth      4%         10d3      100%        8
 Animate Armour           Summ/Erth      Unusable   N/A       N/A         4

Inventory:

Hand Weapons
 b - a +2 mace of protection
   (You found it on level 1 of the Dungeon)
 h - a +2 whip of venom
   (You found it on level 1 of the Dungeon)
 E - a +7 trident of flaming (weapon)
   (You took it off a gnoll sergeant on level 6 of the Dungeon)
Missiles
 g - 36 poisoned darts
 k - 120 stones
 y - 5 atropa-tipped darts
 K - 3 javelins
 M - a curare-tipped dart {=f}
Magical Staves
 r - a staff of death {!a}
   (You found it on level 3 of the Dungeon)
Jewellery
 m - an amulet of magic regeneration (around mantle)
   (You found it on level 2 of the Dungeon)
 G - an amulet of guardian spirit
   (You found it on level 1 of the Dungeon)
 P - a ring of poison resistance (left tentacle)
   (You found it on level 3 of the Dungeon)
 T - an amulet of faith {!P}
   (You took it off a gnoll on level 4 of the Dungeon)
 Z - a ring of wizardry (right tentacle)
   (You found it on level 6 of the Dungeon)
Wands
 B - a wand of charming (12)
   (You found it on level 5 of the Dungeon)
 D - a wand of light (10)
   (You found it on level 6 of the Dungeon)
 F - a wand of roots (6)
   (You found it on level 7 of the Dungeon)
 I - a wand of digging (8)
   (You found it on level 7 of the Dungeon)
Scrolls
 d - 6 scrolls of teleportation {@r4}
 e - a scroll of brand weapon
 j - a scroll of vulnerability {!r!r}
 n - 2 scrolls of butterflies
 o - a scroll of torment {!r}
 q - 2 scrolls of noise {unknown}
 s - a scroll of enchant armour
 t - a scroll of amnesia
 u - 2 scrolls of fear
 H - a scroll of magic mapping {!r}
 J - a scroll of silence {!r}
Potions
 a - 4 potions of magic
 c - 4 potions of mutation {unknown}
 f - 2 potions of attraction {!q}
 i - 4 potions of might
 l - 3 potions of heal wounds {@q2}
 p - 2 potions of flight {unknown}
 v - a potion of haste {unknown}
 w - 2 potions of resistance
 x - a potion of invisibility {unknown}
 z - a potion of berserk rage {unknown}
 A - 4 potions of brilliance {unknown}
 C - 2 potions of curing {@q1}
 L - a potion of lignification {unknown}

Dungeon Overview and Level Annotations

Branches:
Dungeon (9/15) Zot: 39579  Temple (1/1) D:7 Zot: 8943    Lair (0/5) D:8
    Orc (0/2) D:9           Sewer (visited)

Altars:
Ashenzari
Cheibriados
Dithmenos
Elyvilon
Gozag
Hepliaklqana
Kikubaaqudgha
Makhleb
Nemelex Xobeh
Okawaru
Qazlal
Ru
Sif Muna
Trog
Uskayaw
Vehumet
Wu Jian
Xom
Yredelemnul
The Shining One

Shops:
D:1 !:( D:2

(!(*
........##......####.#.#
#######..#......##.#.#.#
########.....#.#.#
#.....#.#.+ #..####.# #
#..#....#.# .
#..#......##
....####..........
......o@.......#..
.....#9o.#..#..... ...
...h.......... #
###############


You could see an orc warrior (ally target), an orc, a friendly guardian golem
(summoned) and a friendly warg (summoned, sheltered).


Message History

The ogre zombie closely misses your wolf.
Your wolf bites the ogre zombie! x2 😮 HP[+1]
Your wolf bites the ogre zombie!
The ogre zombie is destroyed!
Cheibriados appreciates the change of pace.
Your wolf bites the orc zombie!
The orc zombie is destroyed!
Cheibriados appreciates the change of pace.
An orc skeleton comes into view.
Your wolf bites the orc skeleton!
The orc skeleton is destroyed!
Cheibriados appreciates the change of pace. 😮 HP[+1]
An orc zombie comes into view.
Your wolf bites the orc zombie.
Your wolf bites the orc zombie.
The orc zombie is destroyed!
Cheibriados appreciates the change of pace. 😮 HP[+1] Key pressed, stopping explore.
A goblin skeleton is nearby!
A goblin skeleton is nearby! 😕 HP[+11]
You regained 11 hp, and now have 46/56 hp.
A goblin skeleton is nearby!
A goblin skeleton is nearby!
You puncture the goblin skeleton! You burn the goblin skeleton.
You destroy the goblin skeleton!
Cheibriados appreciates the change of pace.
No target in view!
No target in view!
Key pressed, stopping explore.
You now have 629 gold pieces (gained 21).
You swap places.
You now have 640 gold pieces (gained 11).
You swap places.
You now have 653 gold pieces (gained 13).
Key pressed, stopping explore.
You swap places.
Key pressed, stopping explore.
There is an open door here.
Key pressed, stopping explore.
You swap places.
You swap places.
Your wolf disappears in a puff of smoke!
An orc comes into view. It is wielding a +0 club. 😎 HP[+10]
Your hp is fully restored (56).
An orc warrior and an orc come into view.
The orc warrior shouts!
An orc comes into view. It is wielding a +0 club.
The orc shouts! x3
You closely miss the orc. You grab the orc. You squeeze the orc.
You kill the orc!
Cheibriados appreciates the change of pace.
The orc warrior hits you with a +0 scimitar!! 😮 HP[-18]
You take 18 damage, and now have 38/56 hp.
MASSIVE DAMAGE!! (PAUSE)
Casting: Summon Guardian Golem (safe; 1% risk of failure)
Confirm with . or Enter, or press ? or * to list all spells.
A guardian golem appears, shielding your allies.
The orc warrior hits you with a +0 scimitar!
* * * LOW HITPOINT WARNING * * *
😨 HP[-10] MP[-3]
You take 10 damage, and now have 28/56 hp.
You lost 3 mp, and now have 16/19 mp.
Unknown command.
Casting: Summon Guardian Golem (safe; 1% risk of failure)
Confirm with . or Enter, or press ? or * to list all spells.
The orc closely misses you.
The orc warrior hits you with a +0 scimitar!
* * * LOW HITPOINT WARNING * * *
The orc closely misses you. 😨 HP[-9] MP[-2]
You take 9 damage, and now have 19/56 hp.
You lost 2 mp, and now have 14/19 mp.
Unknown command.
You hit the orc warrior. You burn the orc warrior.
Your grab misses the orc warrior.
Your warg bites the orc!
The orc dies!
Cheibriados appreciates the change of pace.
The orc warrior hits you with a +0 scimitar!
* * * LOW HITPOINT WARNING * * *
The orc barely misses you. 😱 HP[-10]
You take 10 damage, and now have 9/56 hp.
You feel much better.
Your warg closely misses the orc.
The orc hits you with a +0 club.
* * * LOW HITPOINT WARNING * * *
The orc warrior closely misses you.
Your warg barely misses the orc. 😨 HP[+16] MP[+1]
You regained 16 hp, and now have 25/56 hp.
You barely miss the orc warrior. You grab the orc warrior.
You constrict the orc warrior, but do no damage.
The orc hits you with a +0 club.
* * * LOW HITPOINT WARNING * * *
The orc warrior hits you with a +0 scimitar!!
You die...

Skill      XL: |  1  2  3  4  5  6  7  8  9 10 |
---------------+-------------------------------+-----
Stealth        | 3 4 5 |  5.0
Dodging        | 3 4 5 6 8 9 |  9.0
Spellcasting   | 3 4 5 6 |  6.2
Summonings     | 5 6 7 9 |  9.5
Hexes          | 2 |  2.0
Air Magic      | 3 |  3.0
Translocations | 1 |  1.3

Action                   |  1- 3 |  4- 6 |  7- 9 | 10-12 || total
-------------------------+-------+-------+-------+-------++-------
Melee: Mace              |    40 |       |       |       ||    40
       Constrict         |    18 |    17 |    48 |     5 ||    88
       Tentacles         |     9 |    13 |    42 |    10 ||    74
       Whip              |    30 |    73 |   120 |       ||   223
       Punch             |       |     2 |     2 |     1 ||     5
       Trident           |       |       |    72 |    45 ||   117
 Cast: Summon Small Mamm |     5 |    18 |    10 |       ||    33
       Call Imp          |       |    16 |    29 |       ||    45
       Call Canine Famil |       |     2 |    27 |     6 ||    35
       Summon Guardian G |       |       |     8 |     6 ||    14
       Summon Lightning  |       |       |     2 |     4 ||     6
  Use: Scroll            |     3 |     7 |     8 |       ||    18
       Potion            |       |       |     3 |     4 ||     7
 Stab: Sleeping          |    12 |    13 |    11 |     2 ||    38
       Distracted        |       |       |     3 |       ||     3
Armor: Skin              |    12 |     3 |    11 |     4 ||    30
Dodge: Dodged            |    41 |    45 |   145 |    46 ||   277

Levels and vault maps discovered:
D:1:      saegor_arrival_simple_e, layout_rooms, serial_shops, shop, shop,
          nicolae_shop_hallway_plus
D:2:      layout_basic, serial_shops, nicolae_square_shop, shop,
          nicolae_shop_hallway_stairs, nicolae_shop_hallway_plus, basic_altar
D:3:      layout_basic, lemuel_old_faithful
D:4:      layout_basic, grunt_temple_overflow_champion_of_chaos
D:5:      layout_rooms, cheibrodos_sewer_entry_drain, uniq_menkaure, uniq_edmund
D:6:      layout_basic, amethyst_killhole
D:7:      layout_loops_corners, minmay_temple_entry_hall, minmay_fire_ice_demons
D:8:      layout_loops_corners, grunt_temple_overflow_octagram,
          lair_entry_dummy, minmay_misc_feat_rugged
D:9:      minmay_the_grid_triangle_9x9_recursive_2
          [minmay_the_grid_triangle_9x9_prize_schism,
          minmay_the_grid_triangle_9x9_windchime,
          minmay_the_grid_triangle_9x9_empty,
          minmay_the_grid_triangle_9x9_minimal], layout_stronghold,
          zombieorc1_lemuel, uniq_maggie
Temple:   nicolae_temple_ecumenical_triangle

Notes
Turn   | Place    | Note
-------+----------+-------------------------------------------
     0 | D:1      | spiderkeys the Octopode Summoner began the quest for the
                  | Orb.
     0 | D:1      | Reached XP level 1. HP: 11/11 MP: 3/3
     0 | D:1      | magus.rc [v1.11.3]
    57 | D:1      | Reached skill level 3 in Stealth
    57 | D:1      | Reached XP level 2. HP: 15/17 MP: 5/5
    97 | D:1      | Found Jurobisch's Book Shop.
   160 | D:1      | Found Bamist's Distillery.
   232 | D:1      | You add the spells Conjure Flame, Ignite Poison and Sticky
                  | Flame to your library.
   261 | D:1      | Found Xuiret's Antique Weapon Shop.
   294 | D:1      | Reached XP level 3. HP: 18/21 MP: 6/6
   769 | D:1      | Bought a potion of degeneration for 13 gold pieces
   792 | D:2      | Found Muet's General Store.
  1163 | D:2      | You pick up a book of Callings and begin reading...
  1170 | D:2      | Found Bequim's Antique Weapon Shop.
  1174 | D:2      | Learned a level 2 spell: Call Imp
  1178 | D:2      | Learned a level 3 spell: Call Canine Familiar
  1350 | D:2      | Found Ladedax's Antique Weapon Emporium.
  1358 | D:2      | Reached XP level 4. HP: 25/27 MP: 7/7
  1376 | D:2      | Found Zumiher's Distillery.
  1631 | D:2      | Reached skill level 4 in Stealth
  1653 | D:2      | Found a shadowy altar of Dithmenos.
  1954 | D:3      | You pick up a book of Weapons and begin reading...
  1954 | D:3      | You add the spells Tukima's Dance, Portal Projectile and
                  | Blade Hands to your library.
  2062 | D:3      | You pick up a book of Debilitation and begin reading...
  2062 | D:3      | You add the spells Slow, Vampiric Draining and Confusing
                  | Touch to your library.
  2193 | D:3      | Reached skill level 3 in Dodging
  2456 | D:3      | Reached XP level 5. HP: 31/31 MP: 9/9
  3256 | D:4      | Reached skill level 3 in Spellcasting
  3270 | D:4      | HP: 6/31 [gnoll/+0 spear (11)]
  3530 | D:4      | Reached XP level 6. HP: 27/36 MP: 10/10
  3535 | D:4      | Reached skill level 5 in Stealth
  3799 | D:4      | Reached skill level 5 in Summonings
  4076 | D:4      | Found a burning altar of Makhleb.
  4076 | D:4      | Found a shimmering altar of Xom.
  4453 | D:4      | Reached skill level 4 in Dodging
  4482 | D:4      | Reached XP level 7. HP: 41/41 MP: 12/12
  4932 | D:4      | Reached skill level 4 in Spellcasting
  5013 | D:5      | Entered Level 5 of the Dungeon
  5021 | D:5      | Noticed Menkaure
  5048 | D:5      | Killed Menkaure
  5052 | D:5      | Reached skill level 6 in Summonings
  5083 | D:5      | You pick up a book of Callings and begin reading...
  5091 | D:5      | Reached skill level 5 in Dodging
  5139 | D:5      | Reached XP level 8. HP: 30/46 MP: 15/15
  5151 | D:5      | Noticed Edmund
  5162 | D:5      | Killed Edmund
  5163 | D:5      | Found a glowing drain.
  5305 | Sewer    | Entered a sewer
  5401 | Sewer    | Reached skill level 5 in Spellcasting
  6692 | D:6      | You pick up a book of Displacement and begin reading...
  6692 | D:6      | You add the spells Lesser Beckoning, Gell's Gravitas and
                  | Teleport Other to your library.
  6738 | D:6      | Learned a level 3 spell: Summon Guardian Golem
  6762 | D:6      | Reached skill level 6 in Dodging
  6762 | D:6      | Reached skill level 1 in Hexes
  6921 | D:6      | Reached skill level 7 in Summonings
  7171 | D:6      | You pick up a book of Touch and begin reading...
  7171 | D:6      | You add the spells Static Discharge and Dispel Undead to
                  | your library.
  7344 | D:6      | Reached skill level 2 in Hexes
  7447 | D:6      | Learned a level 4 spell: Summon Lightning Spire
  7528 | D:6      | Reached XP level 9. HP: 45/51 MP: 14/17
  7673 | D:6      | Reached skill level 1 in Air Magic
  7927 | D:7      | Reached skill level 6 in Spellcasting
  8319 | D:7      | Reached skill level 2 in Air Magic
  8852 | D:7      | Found a staircase to the Ecumenical Temple.
  8858 | Temple   | Entered the Ecumenical Temple
  9022 | D:7      | Reached skill level 7 in Dodging
  9189 | D:7      | Reached skill level 3 in Air Magic
  9449 | D:8      | Identified a scroll of acquirement
  9467 | D:8      | Reached skill level 8 in Summonings
  9734 | D:8      | Acquired 1135 gold pieces
  9771 | D:8      | Reached skill level 8 in Dodging
  9832 | D:8      | You pick up a book of Armaments and begin reading...
  9832 | D:8      | You add the spells Stone Arrow and Lehudib's Crystal Spear
                  | to your library.
  9848 | D:8      | Found a radiant altar of Vehumet.
  9855 | D:8      | Found an opulent altar of Gozag.
  9863 | D:8      | Found an iron altar of Okawaru.
  9868 | D:8      | Found a stormy altar of Qazlal.
  9876 | D:8      | Found a bloodstained altar of Trog.
  9881 | D:8      | Found a sacrificial altar of Ru.
  9892 | D:8      | Found a snail-covered altar of Cheibriados.
  9896 | D:8      | Became a worshipper of Cheibriados the Contemplative
  9920 | D:8      | Found a staircase to the Lair.
 10374 | D:8      | Reached skill level 9 in Summonings
 10374 | D:8      | Reached XP level 10. HP: 56/56 MP: 19/19
 11005 | D:1      | Bought a book of the Wilderness for 456 gold pieces
 11005 | D:1      | You pick up a book of the Wilderness and begin reading...
 11005 | D:1      | You add the spells Summon Forest, Summon Mana Viper and
                  | Summon Cactus Giant to your library.
 11005 | D:1      | Bought a book of Transfigurations for 480 gold pieces
 11005 | D:1      | You pick up a book of Transfigurations and begin reading...
 11005 | D:1      | You add the spells Irradiate and Dragon Form to your
                  | library.
 11011 | D:1      | Learned a level 5 spell: Summon Forest
 11188 | D:9      | Reached * piety under Cheibriados
 11401 | D:9      | Found a staircase to the Orcish Mines.
 11416 | D:9      | HP: 6/56 [troll zombie (10)]
 11421 | D:9      | Reached skill level 1 in Translocations
 11742 | D:9      | Reached skill level 9 in Dodging
 11977 | D:9      | HP: 9/56 [orc warrior/+0 scimitar (10)]
 11979 | D:9      | Slain by an orc warrior

Vanquished Creatures
  Menkaure (D:5)
  Edmund (D:5)
  A water moccasin (D:8)
  2 ice beasts
  3 bullfrogs
  3 kobold brigands (D:8)
  2 necrophages
  A gnoll sergeant (D:6)
  2 scorpions (D:6)
  4 wights
  2 troll zombies (D:9)
  2 crimson imps
  A hound (D:6)
  3 orc priests
  A gnoll bouda (D:6)
  An iguana (D:4)
  2 orc wizards
  2 ogre zombies (D:9)
  2 gnolls (D:4)
  4 river rats (Sewer)
  8 adders
  4 white imps
  A worm (D:5)
  4 dart slugs (D:1)
  8 orcs
  8 ball pythons
  6 bats
  9 endoplasms
  3 giant cockroaches
  7 goblins
  9 hobgoblins
  2 jackals (D:5)
  3 quokkas
  4 frilled lizards
  A goblin skeleton (D:9)
  A goblin zombie (D:9)
  28 kobolds
  An orc skeleton (D:9)
  3 orc zombies (D:9)
  15 rats
165 creatures vanquished.

Vanquished Creatures (collateral kills)
  A water moccasin (D:8)
  2 black bears
  An ogre (D:4)
  3 phantoms (D:9)
  2 kobold brigands
  A bullfrog (D:8)
  A scorpion (D:5)
  5 wights
  A howler monkey (D:7)
  A hound (D:5)
  2 orc wizards (D:7)
  2 ogre zombies (D:9)
  9 gnolls
  4 adders
  4 river rats (Sewer)
  14 orcs
  A giant cockroach (D:4)
  A hobgoblin (D:1)
  2 jackals (D:2)
  15 kobolds
  5 ball pythons
  4 hobgoblin zombies (D:9)
  An orc skeleton (D:9)
  4 orc zombies (D:9)
  6 rats
92 creatures vanquished.

Vanquished Creatures (others)
  A shadow (D:9)
  3 yaks (D:8)
  An orc warrior (D:7)
  2 wights (D:8)
7 creatures vanquished.

Grand Total: 264 creatures vanquished

Table legend:
 A = Non-vault XP
 B = Vault XP
 C = Vault XP percentage of total XP
 D = Non-vault monster count
 E = Vault monster count
 F = Vault count percentage of total count
                 A         B        C        D         E       F
            +---------+---------+-------+---------+---------+-------
      Total |    5048 |    1197 |  19.2 |     185 |      79 |  29.9
            +---------+---------+-------+---------+---------+-------
        D:1 |      66 |       0 |   0.0 |      33 |       0 |   0.0
        D:2 |      65 |       0 |   0.0 |      19 |       0 |   0.0
        D:3 |      69 |       0 |   0.0 |      18 |       0 |   0.0
        D:4 |     521 |      48 |   8.4 |      23 |       1 |   4.2
        D:5 |     515 |     333 |  39.3 |      15 |       4 |  21.1
        D:6 |     705 |       0 |   0.0 |      19 |       0 |   0.0
        D:7 |     906 |      61 |   6.3 |      26 |       2 |   7.1
        D:8 |    1987 |       0 |   0.0 |      29 |       0 |   0.0
        D:9 |     214 |     569 |  72.7 |       3 |      24 |  88.9
      Sewer |       0 |     186 | 100.0 |       0 |      48 | 100.0
            +---------+---------+-------+---------+---------+-------

Illustrated notes

Table legend:
 A = Kills in this place as a percentage of kills in entire the game.
 B = Kills by you in this place as a percentage of kills by you in the entire game.
 C = Kills by friends in this place as a percentage of kills by friends in the entire game.
 D = Other kills in this place as a percentage of other kills in the entire game.
 E = Experience gained in this place as a percentage of experience gained in the entire game.
 F = Experience gained in this place divided by the number of levels of this place that you have seen.
                   A       B       C       D       E      F
               +-------+-------+-------+-------+-------+----------------------
         Total | 100.0 | 100.0 | 100.0 | 100.0 | 100.0 | 567.7
       Dungeon |  81.8 |  83.0 |  78.3 | 100.0 |  97.0 | 673.2
         Sewer |  18.2 |  17.0 |  21.7 |   0.0 |   3.0 | 186.0
               +-------+-------+-------+-------+-------+----------------------

Table legend: (Time is in decaauts)
 A = Elapsed time spent in this place.
 B = Non-inter-level travel time spent in this place.
 C = Inter-level travel time spent in this place.
 D = Time resting spent in this place.
 E = Time spent auto-exploring this place.
 F = Levels seen in this place.
 G = Mean time per level.
                   A        B        C        D        E       F      G
               +--------+--------+--------+--------+--------+-----+--------+
         Total |  12395 |  11845 |    550 |    793 |   9003 |  11 | 1126.8 |
       Dungeon |  11439 |  10904 |    535 |    793 |   8295 |   9 | 1271.0 |
        Temple |     37 |     22 |     15 |      0 |      0 |   1 |   37.0 |
         Sewer |    918 |    918 |      0 |      0 |    708 |   1 |  918.0 |
               +--------+--------+--------+--------+--------+-----+--------+

Top non-repeatable levels by time:
     D:4: 1782 daAuts
     D:8: 1713 daAuts
     D:7: 1559 daAuts
     D:3: 1345 daAuts
     D:6: 1316 daAuts
     D:2: 1201 daAuts
     D:9: 919 daAuts
   Sewer: 918 daAuts
     D:1: 835 daAuts
     D:5: 766 daAuts
  Temple: 37 daAuts
